 Dungeon Crawl Stone Soup version 0.22.1-1-ga44c0e56f4 (webtiles) character file.

6177 Debik the Geomancer (level 10, -1/52 HPs)
             Began as a Gargoyle Earth Elementalist on Sept 23, 2018.
             Was an Elder of Vehumet.
             Slain by a vampire (8 damage)
             ... on level 10 of the Dungeon.
             The game lasted 00:25:54 (9140 turns).

Debik the Geomancer (Gargoyle Earth Elementalist)   Turns: 9140, Time: 00:25:55

Health: -1/52      AC: 12    Str: 13    XL:     10   Next: 91%
Magic:  3/24       EV: 12    Int: 18    God:    Vehumet [****..]
Gold:   676        SH:  0    Dex: 10    Spells: 21/30 levels left

rFire    . . .     SeeInvis .   q - staff of wizardry
rCold    + . .     Gourm    .   (no shield)
rNeg     + + .     Faith    .   E - +0 leather armour {rC+}
rPois    ∞         Spirit   .   j - +2 hat
rElec    +         Reflect  .   (no cloak)
rCorr    .         Harm     .   (no gloves)
MR       .....                  (no boots)
Stlth    ++........             r - amulet of magic regeneration
HPRegen  0.17/turn              g - ring of positive energy
MPRegen  0.44/turn              (no ring)

@: no status effects
A: negative energy resistance 1, electricity resistance, unbreathing,
petrification resistance, rot immunity, AC +7
a: Renounce Religion


You were on level 10 of the Dungeon.
You worshipped Vehumet.
Vehumet was greatly pleased with you.
You were not hungry.

You visited 1 branch of the dungeon, and saw 10 of its levels.
You also visited: Ossuary.

You collected 676 gold pieces.

Inventory:

Missiles
 b - 103 stones (quivered)
Armour
 j - a +2 hat (worn)
 E - a +0 leather armour of cold resistance (worn)
Magical Staves
 q - an uncursed staff of wizardry (weapon)
Jewellery
 g - a ring of positive energy (left hand)
 r - an amulet of magic regeneration (around neck)
Wands
 n - a wand of polymorph (22)
 o - a wand of iceblast (8)
 t - a wand of acid (9)
 u - a wand of flame (51)
 y - a wand of random effects (37)
 B - a wand of digging (16)
Scrolls
 a - 3 scrolls of teleportation
 e - 3 scrolls of fear
 h - 6 scrolls of remove curse
 w - a scroll of brand weapon
 A - 3 scrolls of blinking
 D - a scroll of magic mapping
 F - 2 scrolls of enchant armour
Potions
 f - 2 potions of curing
 i - 2 potions of agility
 k - 3 potions of haste
 l - a potion of heal wounds
 m - a potion of mutation
 p - 2 potions of might
 v - 2 potions of invisibility {unknown}
 x - a potion of brilliance {unknown}
 z - a potion of berserk rage {unknown}
 G - 2 potions of resistance {unknown}
 H - 2 potions of lignification {unknown}
Comestibles
 d - 16 rations


   Skills:
 + Level 1.0 Fighting
 + Level 1.2 Armour
 + Level 2.6 Dodging
 + Level 3.6 Stealth
 + Level 0.7 Unarmed Combat
 + Level 10.5 Spellcasting
 + Level 3.5 Conjurations
   Level 0.2 Hexes
   Level 0.7 Transmutations
 + Level 12.2 Earth Magic


You had 21 spell levels left.
You knew the following spells:

 Your Spells              Type           Power        Failure   Level  Hunger
a - Sandblast             Erth           ######       1%          1    None
d - Lee's Rapid Deconstr  Erth           ######....   1%          5    #####..
e - Stone Arrow           Conj/Erth      #####.       1%          3    None

Your spell library contained the following spells:

 Spells                   Type           Power        Failure   Level  Hunger
 Passwall                 Tmut/Erth      ####....     1%          2    None
 Petrify                  Tmut/Erth      ####....     2%          4    ##.....


Dungeon Overview and Level Annotations

Branches:
Dungeon (10/15)            Temple (0/1) D:7            Lair (0/6) D:10
    Orc: D:9-12

Altars:
Dithmenos
Elyvilon
Fedhas
Hepliaklqana
Kikubaaqudgha
Makhleb
Trog
Vehumet
Xom
The Shining One

Shops:
D:8 *


Innate Abilities, Weirdness & Mutations

You are resistant to torment.
Your stone body is resilient. (AC +7)
You are immune to poison.
You resist negative energy. (rN+)
You are resistant to electric shocks. (rElec)
You can survive without breathing.
You are immune to petrification.
You are immune to rotting.


Message History

Something bites you.
* * * LOW HITPOINT WARNING * * *
You see here a leather armour.
Casting: Sandblast (safe; 1% risk of failure)
Confirm with . or Enter, or press ? or * to list all spells.
Aiming: Lee's Rapid Deconstruction (safe; 1% risk of failure)
Press: ? - help, Dir - move target cursor A rock wall.
The wall shatters!
The blast of rock fragments hits the orc.
You kill the orc!
Vehumet accepts your kill.
The blast of rock fragments hits something.
You hear a shout! x4
Something shouts, "Tremble, thou mewling half-faced coxcomb!"
An orc comes into view. It is wielding a club.
Something hits you but does no damage. Something bites you!
* * * LOW HITPOINT WARNING * * *
You feel better. Something hits you but does no damage. Something bites you!
You die...

### ... #.# #.# #.# ..
... ##.########.# ...
# #.)<{@.)....o ...
#.#.)########.#...
#.#.)....o.##.#.###
#..>...o.#........
###..###.####.#.#
#.######..###.{....†.#
#..........#######.)##
#######....#
#..#####.. #....#
#.(.......


You could see an orc.

Vanquished Creatures
  A centaur warrior (D:9)
  3 hippogriffs
  2 yaks (D:7)
  2 hogs (D:7)
  A human (D:7)
  A steam dragon (D:8)
  5 sky beasts
  A slave (D:4)
  2 black bears
  3 orc warriors
  3 ice beasts
  3 ogres
  2 centaurs
  2 big kobolds
  A wyvern zombie (D:10)
  5 bullfrogs
  2 scorpions
  4 wights (D:7)
  8 killer bees
  4 howler monkeys
  2 crimson imps
  2 centaur zombies
  2 hounds
  A quasit (D:9)
  A bullfrog skeleton (D:7)
  4 orc priests
  10 orc wizards
  Jessica (D:3)
  2 iguanas (D:7)
  8 worker ants
  A killer bee zombie (D:7)
  2 hound zombies
  9 mummies
  A worker ant zombie (D:3)
  13 adders
  A shadow imp (D:4)
  An ooze (D:2)
  An adder skeleton (D:5)
  An adder zombie (D:3)
  4 worms
  A leopard gecko (D:7)
  21 orcs
  2 ball pythons (D:3)
  2 bat zombies (D:9)
  6 giant cockroaches
  2 goblins (D:2)
  9 hobgoblins
  3 jackals (D:4)
  A quokka (D:3)
  A ball python zombie (D:3)
  7 bats
  3 frilled lizards
  4 hobgoblin zombies (Ossuary)
  12 kobolds
  A kobold zombie (Ossuary)
  3 orc zombies (Ossuary)
  2 quokka skeletons
  2 quokka zombies
  9 rats
213 creatures vanquished.

Vanquished Creatures (others)
  3 fulminant prisms (D:9)
3 creatures vanquished.

Grand Total: 216 creatures vanquished

Notes
Turn   | Place    | Note
-------+----------+-------------------------------------------
     0 | D:1      | Debik the Gargoyle Earth Elementalist began the quest for
                  | the Orb.
     0 | D:1      | Reached XP level 1. HP: 10/10 MP: 3/3
   144 | D:1      | Reached skill level 4 in Earth Magic
   155 | D:1      | Reached XP level 2. HP: 10/15 MP: 0/5
   836 | D:2      | Found a glowing golden altar of the Shining One.
   852 | D:2      | Reached XP level 3. HP: 18/19 MP: 3/6
   857 | D:2      | Learned a level 3 spell: Stone Arrow
  1389 | D:2      | Reached XP level 4. HP: 24/24 MP: 4/8
  2263 | D:3      | Noticed Jessica
  2291 | D:3      | Reached skill level 5 in Earth Magic
  2291 | D:3      | Reached XP level 5. HP: 17/28 MP: 2/10
  2293 | D:3      | Killed Jessica
  2591 | D:3      | Learned a level 5 spell: Lee's Rapid Deconstruction
  3025 | D:4      | Noticed a slave
  3025 | D:4      | Noticed Pikel
  3028 | D:4      | Noticed a slave
  3029 | D:4      | Noticed a slave
  3032 | D:4      | Killed a slave
  3034 | D:4      | Noticed a slave
  3354 | D:3      | Noticed Pikel
  3354 | D:3      | Pikel changed into Pikel the black bear
  3549 | D:3      | Killed Pikel the black bear
  3549 | D:3      | Reached XP level 6. HP: 13/32 MP: 6/12
  3820 | D:4      | Found a shadowy altar of Dithmenos.
  4095 | D:4      | Found a radiant altar of Vehumet.
  4100 | D:4      | Found a blossoming altar of Fedhas.
  4107 | D:4      | Became a worshipper of Vehumet
  4118 | D:4      | Found a bloodstained altar of Trog.
  4364 | D:5      | Entered Level 5 of the Dungeon
  4667 | D:5      | Reached skill level 5 in Spellcasting
  4667 | D:5      | Reached skill level 1 in Conjurations
  4667 | D:5      | Reached skill level 6 in Earth Magic
  4667 | D:5      | Reached XP level 7. HP: 16/37 MP: 8/14
  5132 | D:5      | Reached skill level 7 in Earth Magic
  5143 | D:5      | Reached XP level 8. HP: 42/42 MP: 3/17
  6061 | D:7      | Reached * piety under Vehumet
  6061 | D:7      | Offered knowledge of Shock by Vehumet.
  6061 | D:7      | Reached skill level 8 in Earth Magic
  6182 | D:7      | Noticed a yak
  6191 | D:7      | Killed a yak
  6191 | D:7      | Reached XP level 9. HP: 29/46 MP: 4/20
  6286 | D:7      | Reached skill level 9 in Earth Magic
  6307 | D:7      | Reached skill level 1 in Fighting
  6475 | D:7      | Found a shimmering altar of Xom.
  6605 | D:7      | Offered knowledge of Flame Tongue by Vehumet.
  6750 | D:7      | Reached ** piety under Vehumet
  6766 | D:7      | Reached skill level 10 in Earth Magic
  7007 | D:7      | Found a staircase to the Ecumenical Temple.
  7434 | D:8      | Found a sand-covered staircase.
  7442 | D:8      | Found Nausiowi's Assorted Antiques.
  7457 | Ossuary  | Entered an ossuary
  7486 | Ossuary  | Reached XP level 10. HP: 52/52 MP: 2/23
  7501 | Ossuary  | Offered knowledge of Ignite Poison by Vehumet.
  7755 | D:8      | Reached *** piety under Vehumet
  7863 | D:8      | Reached skill level 11 in Earth Magic
  8062 | D:8      | Found a hazy altar of Hepliaklqana.
  8105 | D:8      | Found an ancient bone altar of Kikubaaqudgha.
  8105 | D:8      | Found a glowing golden altar of the Shining One.
  8107 | D:8      | Found a shimmering altar of Xom.
  8107 | D:8      | Found a burning altar of Makhleb.
  8107 | D:8      | Found a white marble altar of Elyvilon.
  8248 | D:9      | Reached skill level 10 in Spellcasting
  8257 | D:9      | Reached skill level 1 in Armour
  8265 | D:9      | Offered knowledge of Fulminant Prism by Vehumet.
  8324 | D:9      | Learned a level 4 spell: Fulminant Prism
  8365 | D:9      | Noticed a centaur warrior
  8374 | D:9      | Killed a centaur warrior
  8540 | D:9      | Found a hazy altar of Hepliaklqana.
  8817 | D:9      | Found an ancient bone altar of Kikubaaqudgha.
  8916 | D:9      | Reached skill level 12 in Earth Magic
  9081 | D:10     | Entered Level 10 of the Dungeon
  9081 | D:10     | Found a staircase to the Lair.
  9123 | D:10     | Reached **** piety under Vehumet
  9139 | D:10     | HP: 2/52 [something (7)]
  9140 | D:10     | Slain by a vampire

Skill      XL: |  1  2  3  4  5  6  7  8  9 10 |
---------------+-------------------------------+-----
Earth Magic    | 4 5 6 7 8 10 12 | 12.2
Spellcasting   | 3 4 5 6 7 9 10 | 10.5
Dodging        | 2 |  2.6
Conjurations   | 1 2 3 |  3.5
Stealth        | 3 |  3.6
Fighting       | 1 |  1.0
Armour         | 1 |  1.2
Unarmed Combat | |  0.7
Hexes          | |  0.2
Transmutations | |  0.7

Action                   |  1- 3 |  4- 6 |  7- 9 | 10-12 || total
-------------------------+-------+-------+-------+-------++-------
Melee: Unarmed           |    58 |     2 |       |       ||    60
       Staff             |       |     1 |     2 |     4 ||     7
 Cast: Sandblast         |    43 |   105 |    89 |    55 ||   292
       Stone Arrow       |     2 |    12 |    23 |    28 ||    65
       Lee's Rapid Decon |       |     2 |    30 |    26 ||    58
       Fulminant Prism   |       |       |       |     3 ||     3
Evoke: Wand              |       |     1 |       |       ||     1
  Use: Scroll            |     7 |     7 |     6 |     4 ||    24
       Potion            |       |     1 |       |     2 ||     3
 Stab: Sleeping          |     2 |       |       |       ||     2
  Eat: Chunk             |     2 |     3 |     8 |     2 ||    15
       Ration            |       |     3 |     2 |     3 ||     8
Armor: Robe              |    22 |    24 |    27 |       ||    73
       Skin              |       |     2 |       |       ||     2
       Leather armour    |       |       |     1 |    23 ||    24
Dodge: Dodged            |    53 |    46 |    38 |    25 ||   162
